 Dungeon Crawl Stone Soup version 0.18.1-50-g88ac8fd (webtiles) character file.

70364 ololoev the Eclecticist (level 14, -4/95 HPs)
             Began as a Deep Elf Fire Elementalist on Nov 3, 2016.
             Was a High Priest of Vehumet.
             Shot with a sling bullet by a satyr (25 damage)
             ... on level 4 of the Shoals.
             The game lasted 02:20:26 (11911 turns).

ololoev the Eclecticist (DEFE)                     Turns: 11911, Time: 02:20:27

Health: -4/95      AC: 22    Str:  5    XL:     14   Next: 93%
Magic:  2/36       EV: 13    Int: 26    God:    Vehumet [*****.]
Gold:   1244       SH:  0    Dex: 15    Spells: 10 memorised, 14 levels left

rFire  + . .     SeeInvis +     a - +11 morningstar "Eos" {elec, -Tele rElec SInv}
rCold  . . .     Gourm    .     h - +9 ring mail "Zytat" {rElec rF+}
rNeg   . . .     Faith    .     (no shield)
rPois  .         Spirit   .     N - +1 hat
rElec  +         Dismiss  .     r - +2 cloak {MR+}
rCorr  .         Reflect  .     x - +1 pair of gloves
SustAt .         Harm     .     (no boots)
MR     ++...     NoTele   +     F - amulet of Vitality {Regen+ HP+15}
Stlth  ++++......               y - ring of stealth
                                k - ring of stealth

@: very slightly contaminated, very resistant to hostile enchantments, stealthy
A: no striking features
a: Renounce Religion

Inventory:

Hand Weapons
 a - the +11 morningstar "Eos" (weapon) {elec, -Tele rElec SInv}
   (You took it off a wizard on level 10 of the Dungeon)

   Occasionally, upon striking a foe, it will discharge some electrical energy
   and cause terrible harm.
   It insulates you from electricity.
   It lets you see invisible.
   It prevents most forms of teleportation.
 b - the +8 hunting sling "Iludaw" {venom, rF+ Str+6 Int+2 Stlth+}
   (You found it on level 10 of the Dungeon)

   It poisons the ammo it fires.
   It affects your strength (+6).
   It affects your intelligence (+2).
   It protects you from fire.
   It makes you more stealthy.
Missiles
 P - 9 throwing nets (quivered)
Armour
 f - the +1 ring mail of Dithmenos's Regard {+Inv rPois Str-3 Stlth+}
   (You found it on level 6 of the Lair of Beasts)

   It affects your strength (-3).
   It protects you from poison.
   It lets you turn invisible.
   It makes you more stealthy.
 h - the +9 ring mail "Zytat" (worn) {rElec rF+}
   (You found it on level 4 of the Dungeon)

   It protects you from fire.
   It insulates you from electricity.
 r - a +2 cloak of magic resistance (worn)
 t - a +0 robe of the Archmagi
 x - a +1 pair of gloves (worn)
 N - a +1 hat (worn)
Jewellery
 k - a ring of stealth (left hand)
 q - an uncursed ring of protection from magic
 y - a ring of stealth (right hand)
 C - an uncursed ring of resist corrosion
 F - the amulet of Vitality (around neck) {Regen+ HP+15}
   (You found it on level 9 of the Dungeon)

   [amulet of regeneration]

   It affects your health (+15).
   It increases your rate of regeneration.
 M - an uncursed ring of ice
Wands
 B - a wand of digging (10/24)
 T - a wand of hasting (3/9)
Scrolls
 i - 13 scrolls of remove curse
 n - a scroll of magic mapping
 o - 3 scrolls of teleportation
 s - 6 scrolls of recharging
 w - 2 scrolls of enchant armour
 S - a scroll of blinking
Potions
 l - 3 potions of might
 p - a potion of invisibility {unknown}
 u - a potion of cancellation {unknown}
 v - 2 potions of curing
 A - a potion of flight
 D - a potion of resistance
 E - 4 potions of brilliance
 Q - a potion of cure mutation
Books
 G - a book of Flames

   Spells                             Type                      Level
   a - Flame Tongue                   Conjuration/Fire             1
   b - Throw Flame                    Conjuration/Fire             2
   c - Conjure Flame                  Conjuration/Fire             3
   d - Inner Flame                    Hexes/Fire                   3
   e - Sticky Flame                   Conjuration/Fire             4
   f - Fireball                       Conjuration/Fire             5
Miscellaneous
 K - a stone of tremors
Comestibles
 c - 8 bread rations
 d - 3 chunks of flesh
 g - 6 meat rations
 H - 4 beef jerkies
 I - 12 fruits
 J - 4 slices of pizza


   Skills:
 + Level 6.0 Fighting
 - Level 6.4 Armour
 + Level 9.2 Dodging
 - Level 2.4 Stealth
 * Level 16.1 Spellcasting
 * Level 13.4 Conjurations
 - Level 5.0 Translocations
 * Level 13.7 Fire Magic
 - Level 8.5 Earth Magic


You had 14 spell levels left.
You knew the following spells:

 Your Spells              Type           Power        Failure   Level  Hunger
a - Flame Tongue          Conj/Fire      #####        1%          1    None
b - Conjure Flame         Conj/Fire      ######..     1%          3    None
c - Sticky Flame          Conj/Fire      ######..     1%          4    None
d - Fireball              Conj/Fire      ######....   1%          5    None
e - Inner Flame           Hex/Fire       ######..     1%          3    None
f - Passage of Golubria   Tloc           N/A          12%         4    None
k - Blink                 Tloc           N/A          1%          2    None
p - Apportation           Tloc           #####.....   1%          1    None
s - Iron Shot             Conj/Erth      ######....   4%          6    ####...
w - Passwall              Trmt/Erth      #####.....   2%          2    None


You were on level 4 of the Shoals.
You worshipped Vehumet.
Vehumet was extremely pleased with you.
You were not hungry.

You visited 4 branches of the dungeon, and saw 25 of its levels.

You collected 1543 gold pieces.
You spent 299 gold pieces at shops.

≈≈≈≈≈≈≈≈≈≈≈≈.#....)≈≈≈≈≈≈#≈≈≈#≈≈≈
≈≈≈≈≈≈≈≈≈≈≈.......≈≈≈..≈≈≈≈≈≈≈≈≈(
≈≈≈≈≈≈≈≈≈≈≈...?.......#≈≈.≈≈≈c..#
≈≈≈≈≈≈≈≈≈≈≈.........(###(≈≈≈≈≈(##
≈≈≈≈≈≈≈≈≈≈≈≈.......(.≈#(.≈≈≈≈≈..#
≈≈≈≈≈≈≈≈≈≈≈≈..).....(.≈).(≈≈≈≈..≈
≈≈≈≈≈≈≈≈≈≈≈≈≈......c)).#≈.≈≈≈..#≈
≈≈≈≈≈≈≈≈≈≈≈≈≈.........###.....###
≈≈≈≈≈≈≈≈≈≈≈≈≈≈..@c<....#..c#≈≈≈#≈
≈≈≈≈≈≈≈≈≈≈≈≈≈≈≈≈.(§.[...()###≈≈≈≈
≈≈≈≈≈≈≈≈≈≈≈≈≈≈≈≈≈.§§.......#≈≈≈≈≈
≈≈≈≈≈≈≈≈≈≈≈≈≈≈≈≈≈≈§(§..≈≈.....≈≈≈
≈≈≈≈≈≈≈≈≈≈≈≈≈≈≈≈≈≈≈≈≈≈≈≈≈≈≈≈≈≈≈≈≈
≈≈≈≈≈≈≈≈≈≈≈≈≈≈≈≈≈≈≈≈≈≈≈≈≈≈≈≈≈≈≈≈≈
≈≈≈≈≈≈≈≈≈≈≈≈≈≈≈≈≈≈≈≈≈≈≈≈≈≈≈≈≈≈≈≈≈
≈≈≈≈≈≈≈≈≈≈≈≈≈≈≈≈≈≈≈≈≈≈≈≈≈≈≈≈≈≈≈≈≈
≈≈≈≈≈≈≈≈≈≈≈≈≈≈≈≈≈≈≈≈≈≈≈≈≈≈≈≈≈≈≈≈≈

Notes
Turn   | Place    | Note
--------------------------------------------------------------
     0 | D:1      | ololoev the Deep Elf Fire Elementalist began the quest for the Orb.
     0 | D:1      | Reached XP level 1. HP: 10/10 MP: 6/6
   129 | D:3      | Reached XP level 2. HP: 12/15 MP: 2/8
   257 | D:4      | Got a warped ring mail
   272 | D:4      | Identified the +9 ring mail "Zytat" {rElec rF+} (You found it on level 4 of the Dungeon)
   309 | D:5      | Entered Level 5 of the Dungeon
   330 | D:4      | Found a stormy altar of Qazlal.
   364 | D:4      | Noticed an ogre
   390 | D:5      | Found a shadowy altar of Dithmenos.
   405 | D:5      | Noticed a yak
   448 | D:5      | Reached skill level 4 in Spellcasting
   448 | D:5      | Reached XP level 3. HP: 19/19 MP: 5/10
   453 | D:5      | Learned a level 3 spell: Conjure Flame
   457 | D:5      | Learned a level 3 spell: Inner Flame
   490 | D:5      | Reached XP level 4. HP: 6/24 MP: 3/12
   506 | D:5      | Noticed a sky beast
   545 | D:5      | Killed a sky beast
   545 | D:5      | Reached XP level 5. HP: 8/28 MP: 1/14
   564 | D:5      | Noticed an ice beast
   590 | D:5      | Reached skill level 5 in Spellcasting
   666 | D:4      | Killed an ogre
   666 | D:4      | Reached skill level 5 in Fire Magic
   666 | D:4      | Reached XP level 6. HP: 17/32 MP: 0/16
   672 | D:4      | Learned a level 4 spell: Sticky Flame
   678 | D:4      | Learned a level 5 spell: Fireball
   773 | D:3      | Found a radiant altar of Vehumet.
   776 | D:3      | Became a worshipper of Vehumet
   866 | D:5      | Noticed a sky beast
   930 | D:4      | Iwannabefree: topovy ringmail
   933 | D:4      | ololoev: yep
   977 | D:5      | Killed an ice beast
   977 | D:5      | Reached skill level 6 in Spellcasting
  1117 | D:5      | Killed a sky beast
  1117 | D:5      | Reached XP level 7. HP: 36/36 MP: 14/18
  1243 | D:5      | Reached skill level 1 in Armour
  1243 | D:5      | Reached skill level 5 in Conjurations
  1281 | D:5      | Found a staircase to the Ecumenical Temple.
  1295 | Temple   | Entered the Ecumenical Temple
  1514 | D:5      | Killed a yak
  1514 | D:5      | Reached skill level 7 in Spellcasting
  1545 | D:5      | Got an ancient war axe
  1546 | D:5      | Identified the +11 war axe "Karr" {pain, Str+3} (You found it on level 5 of the Dungeon)
  1547 | D:5      | ololoev: wow wow man!
  1631 | D:6      | Iwannabefree: ebat
  1641 | D:6      | Iwannabefree: horoshy topor
  1643 | D:6      | Reached * piety under Vehumet
  1643 | D:6      | Offered knowledge of Magic Dart by Vehumet.
  1643 | D:6      | ololoev: так
  1643 | D:6      | ololoev: а вот это не входило в мои планы
  1643 | D:6      | Reached XP level 8. HP: 33/41 MP: 8/21
  1644 | D:6      | Iwannabefree: ты сам ебанул же
  1644 | D:6      | ololoev: хвала АС и рФ
  1644 | D:6      | ololoev: не
  1644 | D:6      | ololoev: ну я думал она пару ходов гореть будет, потом рванет
  1644 | D:6      | ololoev: фитиль короткий оказался
  1644 | D:6      | ololoev: ахахахаха
  1644 | D:6      | ololoev: это был мискаст!
  1644 | D:6      | ololoev: лол
  1644 | D:6      | ololoev: охрененно мискастнул
  1644 | D:6      | ololoev: две лягухи всмятку
  1644 | D:6      | Iwannabefree: нойс
  1644 | D:6      | Iwannabefree: главное что тебя не ебнуло
  1646 | D:6      | Noticed Edmund
  1711 | D:5      | HP: 2/41 [Edmund/flail of crushing (4)]
  1728 | D:5      | Iwannabefree: noooo
  1753 | D:5      | Killed Edmund
  1803 | D:5      | ololoev: внизу жарко
  1803 | D:5      | ololoev: 3 лестницы рядом
  1803 | D:5      | ololoev: и орк вориор
  1939 | D:6      | ololoev: что за ппц
  1939 | D:6      | ololoev: третий рандарт
  1957 | D:6      | Got a steaming falchion
  1958 | D:6      | Identified the +4 falchion of Dithmenos's Supremacy {slice, Stlth+} (You found it on level 6 of the Dungeon)
  2145 | D:7      | Found an iron altar of Okawaru.
  2178 | D:7      | Reached skill level 8 in Spellcasting
  2500 | D:8      | Reached ** piety under Vehumet
  2502 | D:8      | Offered knowledge of Sting by Vehumet.
  2605 | D:8      | Reached skill level 9 in Spellcasting
  2634 | D:8      | Found a glowing golden altar of the Shining One.
  2734 | D:8      | Reached XP level 9. HP: 45/45 MP: 24/24
  2833 | D:8      | Found a stormy altar of Qazlal.
  2835 | D:8      | Found an opulent altar of Gozag.
  2837 | D:8      | Found a shattered altar of Ashenzari.
  2973 | D:9      | Noticed a troll
  2985 | D:9      | Killed a troll
  3064 | D:10     | Entered Level 10 of the Dungeon
  3067 | D:10     | Offered knowledge of Throw Frost by Vehumet.
  3103 | D:9      | Found Paron's Distillery.
  3158 | D:10     | Reached *** piety under Vehumet
  3164 | D:10     | Reached skill level 10 in Spellcasting
  3187 | D:9      | Bought a potion of resistance for 130 gold pieces
  3187 | D:9      | Bought a potion of heal wounds for 65 gold pieces
  3187 | D:9      | Bought a potion of flight for 39 gold pieces
  3187 | D:9      | Bought a potion of brilliance for 52 gold pieces
  3187 | D:9      | Bought a potion of degeneration for 13 gold pieces
  3359 | D:9      | ololoev: виталик
  3359 | D:9      | ololoev: да вы офигели!!!
  3359 | D:9      | ololoev: ААААА!
  3375 | D:9      | ololoev: я точно умру глупой смертью
  3412 | D:9      | Offered knowledge of Ignite Poison by Vehumet.
  3416 | D:9      | Found a burning altar of Makhleb.
  3487 | D:9      | Iwannabefree: ne
  3487 | D:9      | Iwannabefree: vse ok
  3487 | D:9      | Iwannabefree: budet
  3488 | D:9      | Iwannabefree: bazariu
  3490 | D:9      | Iwannabefree: glavnoe eto proiti lair
  3502 | D:9      | Iwannabefree: u menya von snakebite na d7
  3502 | D:9      | Reached XP level 10. HP: 50/50 MP: 1/26
  3504 | D:9      | Iwannabefree: v magaze
  3510 | D:9      | ololoev: noice
  3523 | D:9      | Iwannabefree: kupil k l3
  3717 | D:9      | Reached skill level 11 in Spellcasting
  3884 | D:9      | Found a white marble altar of Elyvilon.
  4072 | D:10     | Found a staircase to the Lair.
  4120 | D:10     | Reached **** piety under Vehumet
  4174 | D:11     | Reached skill level 10 in Fire Magic
  4194 | D:11     | Noticed a hill giant
  4236 | D:11     | Offered knowledge of Lee's Rapid Deconstruction by Vehumet.
  4303 | D:11     | Iwannabefree: какого хуя оклобы в энтов полиморфятся
  4304 | D:11     | ololoev: et otebe eshe povezlo
  4327 | D:11     | Killed a hill giant
  4327 | D:11     | Reached skill level 12 in Spellcasting
  4327 | D:11     | Reached skill level 10 in Conjurations
  4450 | D:11     | Learned a level 6 spell: Iron Shot
  4504 | D:11     | Reached skill level 1 in Earth Magic
  4581 | D:11     | Learned a level 1 spell: Apportation
  4584 | D:11     | Learned a level 2 spell: Blink
  4714 | D:11     | Learned a level 4 spell: Passage of Golubria
  4792 | D:10     | Reached skill level 1 in Translocations
  4792 | D:10     | Reached XP level 11. HP: 54/54 MP: 3/29
  4892 | D:10     | Noticed a wizard
  4894 | D:10     | Goblin1989: ничего так топорик
  4894 | D:10     | Killed a wizard
  4895 | D:10     | ololoev: да тут ппц что
  4895 | D:10     | ololoev: ты смотри дамп
  4951 | D:10     | Iwannabefree: vitalya
  4954 | D:10     | Iwannabefree: top hueta
  4955 | D:10     | Noticed a wizard
  4961 | D:10     | Iwannabefree: еос
  4963 | D:10     | Iwannabefree: кек
  4963 | D:10     | Iwannabefree: лакир
  4964 | D:10     | jacquesderrida: Laliev
  4964 | D:10     | jacquesderrida: Gremlin
  4965 | D:10     | Noticed a wizard
  4966 | D:10     | jacquesderrida: Venya
  4966 | D:10     | Iwannabefree: privet
  4966 | D:10     | jacquesderrida: Prevet
  4967 | D:10     | jacquesderrida: it me
  4967 | D:10     | jacquesderrida: jed
  4970 | D:10     | Goblin1989: зачем в транслоки упарываешься? ПОГ не тащит же
  4975 | D:10     | jacquesderrida: pachemu
  4975 | D:10     | ololoev: лол вы ппц ребята
  4975 | D:10     | Goblin1989: слишком уж он ненадежны
  4975 | D:10     | jacquesderrida: рпц-ребята
  4975 | D:10     | Goblin1989: блин
  4975 | D:10     | ololoev: вчера первый мне втирал что DE не тащит
  4975 | D:10     | ololoev: теперь второй втирает что пог не тащит
  4975 | D:10     | jacquesderrida: че за первый
  4975 | D:10     | Goblin1989: не ДЕ-то тащит
  4975 | D:10     | ololoev: iwbf
  4975 | D:10     | jacquesderrida: иван набир фри
  4975 | D:10     | ololoev: так вот, на пог не тащит отвечу той же ссылкой
  4975 | D:10     | Goblin1989: но ПОГ слишком ситуативный
  4975 | D:10     | ololoev: https://crawl.project357.org/morgue/PurpleRed/morgue-PurpleRed-20160927-082602.txt
  4979 | D:10     | jacquesderrida: eto ne de
  4981 | D:10     | jacquesderrida: eto purplered...
  4981 | D:10     | jacquesderrida: ;^)
  5013 | D:10     | jacquesderrida: preezrak
  5033 | D:10     | Goblin1989: хм
  5045 | D:10     | Goblin1989: ХМ!!!
  5069 | D:10     | Iwannabefree: che za pog to
  5071 | D:10     | Iwannabefree: gais
  5071 | D:10     | ololoev: passage of g
  5072 | D:10     | Iwannabefree: a
  5073 | D:10     | jacquesderrida: pug
  5074 | D:10     | Iwannabefree: norm tema
  5077 | D:10     | jacquesderrida: sobaker takoi
  5083 | D:10     | Iwannabefree: cblink dlya bednih
  5084 | D:10     | Goblin1989: я почему-то думал что он в основном цбинкался
  5087 | D:10     | Goblin1989: тогда ладно
  5090 | D:10     | Goblin1989: пог тащит!
  5090 | D:10     | ololoev: с цблинком от контама помрешь
  5099 | D:10     | jacquesderrida: magii ne hvatit
  5099 | D:10     | Killed a wizard
  5108 | D:10     | Killed a wizard
  5110 | D:10     | jacquesderrida: Пойду-ка сделаю себе шаверму!!
  5114 | D:10     | jacquesderrida: reeeeeeeeeeeeeeeeeeeeeeee
  5115 | D:10     | ololoev: sinv
  5115 | D:10     | Iwannabefree: На улице за сто рублей?
  5115 | D:10     | ololoev: ey stoyat
  5115 | D:10     | ololoev: amn
  5115 | D:10     | ololoev: man
  5115 | D:10     | ololoev: шаурма это круто
  5115 | D:10     | jacquesderrida: NET
  5115 | D:10     | jacquesderrida: NA KUHNE
  5115 | D:10     | ololoev: все, можешь идти
  5115 | D:10     | Iwannabefree: >2016
  5117 | D:10     | jacquesderrida: >>>>>>>>>>>>>>>>>>2016
  5119 | D:10     | Iwannabefree: >готовить
  5120 | D:10     | jacquesderrida: >>>>>>>>>>>>>>>>>>>>>>>>>>называть шаверму шаурмой
  5120 | D:10     | jacquesderrida: Eeeek
  5120 | D:10     | ololoev: я люблю готовить
  5143 | D:10     | Iwannabefree: я бы не сказал что люблю или нет
  5145 | D:10     | Iwannabefree: мне просто лень
  5154 | D:10     | Got a crude hunting sling
  5155 | D:10     | Identified the +8 hunting sling "Iludaw" {venom, rF+ Str+6 Int+2 Stlth+} (You found it on level 10 of the Dungeon)
  5156 | D:10     | Iwannabefree: иди в покер
  5156 | D:10     | ololoev: такс
  5156 | D:10     | Iwannabefree: пока не поздно
  5156 | D:10     | Goblin1989: еще тебе сублимация и реген нужны
  5156 | D:10     | ololoev: ага
  5156 | D:10     | ololoev: и файершторм
  5164 | D:10     | Iwannabefree: сублимация нинужн
  5164 | D:10     | Iwannabefree: а
  5215 | D:10     | Goblin1989: а я тут решил провести эксперимент с демонспавном своим сегодня
  5215 | D:10     | ololoev: a otkuda manu brat?
  5215 | D:10     | Iwannabefree: shareek
  5215 | D:10     | Goblin1989: у меня ПБП
  5277 | D:10     | Goblin1989: я решил взять амуль спитита
  5283 | D:10     | Goblin1989: так вот, если бы у меня был хлеб я бы был еубивашкой
  5293 | D:10     | Goblin1989: *неубивашкой
  5332 | Lair:1   | Entered Level 1 of the Lair of Beasts
  5399 | Lair:1   | Goblin1989: ну или реген. но реген и пбп ппц как редко стакаются
  5530 | Lair:1   | Goblin1989: а еще я понял что я проклят!
  5564 | Lair:1   | Noticed an eight-headed hydra
  5569 | Lair:1   | Killed an eight-headed hydra
  5599 | Lair:1   | Goblin1989: у меня куча демонспавнов 27 лвл была и ни одного не было аугментации!
  5615 | Lair:1   | Goblin1989: *грустный смайл*
  5770 | Lair:2   | Goblin1989: О_О
  5799 | Lair:2   | Reached skill level 13 in Spellcasting
  5873 | Lair:2   | Reached skill level 5 in Translocations
  5890 | Lair:2   | Reached ***** piety under Vehumet
  5890 | Lair:2   | Offered knowledge of Force Lance by Vehumet.
  5891 | Lair:2   | Iwannabefree: http://crawl.xtahua.com/crawl/morgue/asthiss/morgue-asthiss-20161102-223622.txt
  5891 | Lair:2   | Iwannabefree: охуенного гостоса закинуло в данже
  6034 | Lair:3   | Noticed Harold
  6130 | Lair:3   | jacquesderrida: lavash prorvalsya blyaaaaaaaa
  6131 | Lair:3   | ololoev: надо в 2 слоя заворачивать
  6131 | Lair:3   | jacquesderrida: da
  6131 | Lair:3   | ololoev: и брать гибкий
  6131 | Lair:3   | ololoev: shoals fuuuuu
  6160 | Lair:3   | Noticed Gastronok
  6161 | Lair:3   | ololoev: ruined hat
  6161 | Lair:3   | ololoev: pedik
  6161 | Lair:3   | ololoev: gde moi ponder?
  6181 | Lair:3   | Killed Gastronok
  6181 | Lair:3   | Reached skill level 1 in Fighting
  6225 | Lair:3   | Found a staircase to the Shoals.
  6288 | Lair:3   | Reached XP level 12. HP: 61/61 MP: 19/31
  6289 | Lair:3   | Killed Harold
  6429 | Lair:4   | Noticed Rupert
  6447 | Lair:4   | Killed Rupert
  6447 | Lair:4   | Reached skill level 5 in Earth Magic
  6455 | Lair:4   | ololoev: eeee
  6455 | Lair:4   | jacquesderrida: na veshalke zabyl
  6455 | Lair:4   | jacquesderrida: Снова надел шапку-пидорку вместо магистерского колпака...
  6455 | Lair:4   | ReniFell: hey guys
  6455 | Lair:4   | Goblin1989: хм
  6455 | Lair:4   | Goblin1989: чуствую себя немного лохом
  6455 | Lair:4   | Goblin1989: жена в диабло прошла дальше меня
  6455 | Lair:4   | Goblin1989: ад штурмует сидит
  6455 | Lair:4   | ReniFell: Дьяблу3 за два дня прошел
  6455 | Lair:4   | ololoev: diablo 2?
  6602 | Lair:5   | Noticed an eight-headed hydra
  6607 | Lair:5   | Killed an eight-headed hydra
  6719 | Lair:4   | Reached skill level 5 in Dodging
  6720 | Lair:4   | Reached skill level 14 in Spellcasting
  6733 | Lair:4   | ReniFell: Обиднее бы было, если бы жена в кравле прошла дальше тебя
  7029 | Lair:4   | jacquesderrida: >>>>>>>>>>>>>>>>>>>2016
  7038 | Lair:4   | jacquesderrida: >>>>>>>>>>>>>>>>>>>>>>>>>being rivals with wives
  7043 | Lair:4   | jacquesderrida: ejjjjjjjjjjjjjj lmao
  7195 | Lair:5   | Goblin1989: вторую, да
  7204 | Lair:5   | Goblin1989: в кроул она не играет
  7204 | Lair:5   | Goblin1989: сложна
  7204 | Lair:5   | ololoev: D2 norm igra
  7248 | Lair:5   | ReniFell: д3 говно
  7258 | Lair:5   | jacquesderrida: deabla gamno...
  7304 | Lair:6   | jacquesderrida: hotya sotonism v pervoi niche...
  7314 | Lair:6   | ReniFell: пое>д
  7349 | Lair:5   | jacquesderrida: oligofreniya>debilnost
  7349 | Lair:5   | ololoev: anton shandor la vei plachet po tebe
  7349 | Lair:5   | jacquesderrida: fite me
  7382 | Lair:7   | Noticed a death yak
  7382 | Lair:7   | Noticed a death yak
  7433 | Lair:6   | jacquesderrida: не....
  7435 | Lair:6   | jacquesderrida: Ла вей хуита
  7447 | Lair:6   | jacquesderrida: >>>>>>>>>>>>>>>>>sotonism
  7485 | Lair:6   | jacquesderrida: >>>>>>>>>>>>>>>>not worshipping baphomet
  7500 | Lair:6   | jacquesderrida: >>>>>>>>>>>>>>>>no blood sacrifices
  7505 | Lair:6   | Goblin1989: еееее!
  7505 | Lair:6   | jacquesderrida: DUDE what\
  7522 | Lair:6   | Goblin1989: я еще один орб демонспавном вытащил!
  7625 | Lair:6   | Got a warped ring mail
  7636 | Lair:6   | Identified the +1 ring mail of Dithmenos's Regard {+Inv rPois Str-3 Stlth+} (You found it on level 6 of the Lair of Beasts)
  7843 | Lair:6   | Goblin1989: все-таки гозаг неподходит для демонспавнов
  7868 | Lair:6   | Goblin1989: у них с экспой проблемы
  7927 | Lair:6   | Goblin1989: им бог с крутыми абилками на больших эвоках нужен
  7943 | Lair:7   | Goblin1989: типа козла
  7982 | Lair:7   | ReniFell: хом
  7982 | Lair:7   | Goblin1989: а какие еще боги много инвоков требуют?
  7983 | Lair:7   | ololoev: TSO
  7992 | Lair:7   | Goblin1989: ну не
  8002 | Lair:7   | Goblin1989: демонспавном его не возьмешь же
  8004 | Lair:7   | Killed a death yak
  8004 | Lair:7   | Reached XP level 13. HP: 69/69 MP: 6/33
  8099 | Lair:7   | Learned a level 2 spell: Passwall
  8132 | Lair:7   | Reached skill level 5 in Armour
  8260 | Lair:7   | Offered knowledge of Bolt of Draining by Vehumet.
  8263 | Lair:7   | jacquesderrida: >>>>>>>>>>>>>>>>>>that feel when you realize slovinskis call zom ksom
  8263 | Lair:7   | jacquesderrida: Reeeeeeeeeeeeeeeeeeee
  8263 | Lair:7   | ReniFell: no ved' on hom
  8263 | Lair:7   | jacquesderrida: nyet ty...
  8504 | Lair:7   | Found a staircase to the Slime Pits.
  8638 | Lair:8   | Entered Level 8 of the Lair of Beasts
  8801 | Lair:8   | Iwannabefree: 9к
  8801 | Lair:8   | Iwannabefree: эх
  8801 | Lair:8   | Iwannabefree: не поставить уже рекорд
  8801 | Lair:8   | Goblin1989: ???
  8801 | Lair:8   | Goblin1989: ты о чем?
  8801 | Lair:8   | Goblin1989: 15 рун за 9к ходов никто не делал
  8801 | Lair:8   | Iwannabefree: 19
  8801 | Lair:8   | Iwannabefree: za 10 k ne uspeet
  8801 | Lair:8   | ololoev: я на рекорд и не претендую
  8801 | Lair:8   | ololoev: мне бы в 40к уложиться
  8873 | Lair:8   | Goblin1989: а я верю что ты когда-нибудь первое место займешь. кто уж умеет за FE играть, так это ты
  8879 | Lair:8   | Goblin1989: главное стремиться!
  8879 | Lair:8   | ololoev: на самом деле это не так
  8879 | Lair:8   | ololoev: уметь то я умею, но в обычном темпе
  8879 | Lair:8   | ololoev: на спидранах начинается лютая хрень, которою я пока что не понимаю
  8879 | Lair:8   | Goblin1989: ну
  8879 | Lair:8   | ololoev: я вот в упор не могу понять как на 15м лвле ддорфом можно взять слайморуну
  8879 | Lair:8   | ololoev: а чарли пошел и взял
  8879 | Lair:8   | ololoev: там же на 20м 100% умрешь
  8899 | Lair:8   | Goblin1989: посмотри запись, какие проблемы
  8902 | Lair:8   | ololoev: ну он табает
  8902 | Lair:8   | ololoev: и бегает
  8902 | Lair:8   | Goblin1989: у него 12000 игр и 100 побед
  8902 | Lair:8   | ololoev: я не понимаю что конкретно надо делать
  8917 | Lair:8   | Goblin1989: это тупо дело случая
  8966 | Lair:8   | Goblin1989: ну-ка спроси у бима скольк раз он умирал с рунами
  9020 | Lair:8   | ololoev: да много
  9020 | Lair:8   | ololoev: !lg charly !won urune>0
  9020 | Lair:8   | beem: 103. Charly the Executioner (L21 DDGl of Makhleb), slain by a sun demon (led by a balrug) in Pandemonium on 2016-10-31 01:41:40, with 503821 points after 12072 turns and 5:24:55.
  9020 | Lair:8   | ololoev: 103
  9020 | Lair:8   | ololoev: !lg . !won urune>0
  9020 | Lair:8   | beem: 75. ololoev the Imperceptible (L18 SpEn of Ashenzari), blasted by an orb of fire (fireball) on Zot:5 (hall_of_Zot) on 2016-10-18 10:46:36, with 251489 points after 41921 turns and 4:07:03.
  9020 | Lair:8   | ololoev: а я 75
  9305 | Lair:8   | Noticed a dire elephant
  9323 | Lair:8   | Noticed a dire elephant
  9333 | Lair:8   | Goblin1989: !lg 4tharraofdagon !won s=urune
  9333 | Lair:8   | beem: 12509 games for 4tharraofdagon (!won): 12183x 0, 75x 2, 73x 1, 52x 3, 31x 4, 21x 5, 12x 6, 11x 8, 10x 11, 9x 13, 9x 7, 7x 10, 5x 9, 5x 12, 4x 15, 2x 14
  9393 | Lair:8   | Noticed a dire elephant
  9393 | Lair:8   | Goblin1989: 4 раза с 15 рунами умирал. о как
  9419 | Lair:7   | ReniFell: Та у спидраннера вообще сложно все в зоте, особенно в этом вашем ссаном 0.19
  9617 | Lair:4   | jacquesderrida: хенирени...
  9692 | Lair:2   | Offered knowledge of Conjure Ball Lightning by Vehumet.
  9820 | Shoals:1 | Entered Level 1 of the Shoals
  9894 | Shoals:2 | Reached skill level 15 in Spellcasting
 10025 | Shoals:2 | jacquesderrida: https://www.youtube.com/watch?v=hYggzijT52Q
 10040 | Shoals:3 | Noticed Ilsuiw
 10040 | Shoals:3 | Noticed a merfolk javelineer
 10042 | Shoals:3 | Noticed a merfolk impaler
 10066 | Shoals:3 | Found Geri's Assorted Antiques.
 10073 | Shoals:3 | Noticed a merfolk javelineer
 10075 | Shoals:3 | Reached skill level 5 in Fighting
 10078 | Shoals:3 | Killed a merfolk javelineer
 10078 | Shoals:3 | Reached XP level 14. HP: 63/78 MP: 9/35
 10164 | Shoals:3 | Noticed Polyphemus
 10748 | Shoals:3 | xeno23: бля
 10752 | Shoals:3 | xeno23: жаль намира не будет
 10752 | Shoals:3 | ololoev: ?
 10752 | Shoals:3 | xeno23: на турнаменте
 10752 | Shoals:3 | ololoev: yep
 10757 | Shoals:3 | xeno23: тащил бы
 10773 | Shoals:3 | ololoev: видимо из армии не особо получается
 10815 | Shoals:4 | Entered Level 4 of the Shoals
 10859 | Shoals:4 | ReniFell: Вы всей толпой в клане?
 10867 | Shoals:4 | ololoev: ldf xeno defe tugoser iwbf
 10902 | Shoals:3 | Iwannabefree: vieboot
 10923 | Shoals:3 | ReniFell: da razvalite
 10953 | Shoals:3 | ololoev: narod ne sobralsya osobo v etot raz
 10953 | Shoals:3 | ololoev: ele na komandu nabrali
 11039 | Shoals:4 | Goblin1989: рептилоид теперь врят ли будет тащить
 11064 | Shoals:4 | Goblin1989: после армейки обычно работать начинают
 11069 | Shoals:4 | ReniFell: nu
 11069 | Shoals:4 | ReniFell: hz
 11073 | Shoals:4 | Goblin1989: мало времени на поиграть
 11079 | Shoals:4 | ReniFell: ya posle armeyki uchitsya powel tol'ko
 11097 | Shoals:4 | Noticed Aizul
 11098 | Shoals:4 | Goblin1989: ну намир уже умеет я так понял
 11099 | Shoals:4 | ReniFell: no voobwe da, sam ya tol'ko s raboti i igrayu (uje net)
 11247 | Shoals:4 | Killed Aizul
 11263 | Shoals:3 | ololoev: opasna!!!
 11263 | Shoals:3 | ololoev: !!!
 11426 | Shoals:3 | ololoev: @??cyclop
 11426 | Shoals:3 | beem: unknown monster: "cyclop"
 11426 | Shoals:3 | ololoev: @??cyclopus
 11426 | Shoals:3 | beem: unknown monster: "cyclopus"
 11426 | Shoals:3 | ololoev: @??ciclop
 11426 | Shoals:3 | beem: unknown monster: "ciclop"
 11426 | Shoals:3 | ololoev: lol
 11426 | Shoals:3 | ololoev: kak?
 11426 | Shoals:3 | ololoev: @??cyclops
 11426 | Shoals:3 | beem: cyclops (C)
                  | Spd:
     7 | HD: 9    | HP: 43-58
                  | AC/EV: 5/3
                  | Dam: 35
                  | items, doors
                  | Res: magic(40), drown
                  | XP:
   533 | Sz: Giant | Int: human.
 11572 | Shoals:4 | Found Ciunnozy's Book Shop.
 11588 | Shoals:4 | jacquesderrida: Старый добрый Тугосеря Хуесосов
 11589 | Shoals:4 | jacquesderrida: Лучший из людей
 11639 | Shoals:3 | Iwannabefree: Там в правилах много циферок и буковок
 11643 | Shoals:3 | Iwannabefree: можно вкратце, как набить многа скора
 11645 | Shoals:3 | jacquesderrida: Пабидить
 11645 | Shoals:3 | jacquesderrida: СПЕДРАНИТЬ
 11645 | Shoals:3 | ololoev: побеждай, выноси больше рун
 11645 | Shoals:3 | jacquesderrida: Я заспедраню...
 11645 | Shoals:3 | xeno23: я буду стриковать
 11645 | Shoals:3 | jacquesderrida: ЗЕРНО69!!!
 11645 | Shoals:3 | ololoev: смотри какими расами и классами меньше побеждали, играй ими
 11645 | Shoals:3 | jacquesderrida: ОТКУДА
 11645 | Shoals:3 | jacquesderrida: ГДЕ БЫЛ
 11648 | Shoals:3 | jacquesderrida: В поле рос...
 11649 | Shoals:3 | Iwannabefree: кто именно побеждал
 11650 | Shoals:3 | jacquesderrida: Колосился...
 11651 | Shoals:3 | xeno23: да чет лень играть было
 11665 | Shoals:3 | jacquesderrida: Надо команду сделать
 11665 | Shoals:3 | jacquesderrida: И пабидить
 11678 | Shoals:3 | xeno23: вот это ты быстрый
 11713 | Shoals:4 | Reached skill level 16 in Spellcasting
 11734 | Shoals:4 | jacquesderrida: !gamesby tugoseryahuesosov
 11734 | Shoals:4 | beem: tugoseryahuesosov has played 673 games, between 2015-10-26 21:48:09 and 2016-11-02 12:38:50, won 3 (0.4%), high score 14819497, total score 43171916, total turns 5360649, play-time/day 0:48:54, total time 12d+16:49:42.
 11740 | Shoals:3 | jacquesderrida: nebloho
 11740 | Shoals:3 | jacquesderrida: tugo serit
 11778 | Shoals:3 | jacquesderrida: !gamesby
 11781 | Shoals:3 | beem: jacquesderrida has played 2944 games, between 2013-06-24 15:10:38 and 2016-10-23 21:04:09, won 7 (0.2%), high score 34582135, total score 178486462, total turns 7524091, play-time/day 0:39:13, total time 33d+4:25:26.
 11790 | Shoals:3 | jacquesderrida: ebat.......
 11799 | Shoals:3 | ololoev: вф идшт
 11799 | Shoals:3 | ololoev: da blin
 11799 | Shoals:3 | ololoev: net
 11799 | Shoals:3 | ololoev: ya protiv
 11799 | Shoals:3 | ololoev: idite naxer
 11799 | Shoals:3 | ololoev: on prishel
 11801 | Shoals:4 | jacquesderrida: poly phemur
 11806 | Shoals:4 | Iwannabefree: kak prishibet kamnem
 11816 | Shoals:4 | Iwannabefree: tryapochkoy sebya budesh sobeerat
 11816 | Shoals:4 | xeno23: ой прост сожги его
 11816 | Shoals:4 | ololoev: nu vse
 11816 | Shoals:4 | Iwannabefree: с триплером
 11816 | Shoals:4 | Iwannabefree: ебать
 11816 | Shoals:4 | ololoev: ya poshel
 11816 | Shoals:4 | ololoev: gde moi blinkery
 11816 | Shoals:4 | ololoev: tak
 11816 | Shoals:4 | ololoev: che delat
 11816 | Shoals:4 | Iwannabefree: сеточкой
 11816 | Shoals:4 | Iwannabefree: и регенить ману
 11816 | Shoals:4 | xeno23: лестница
 11816 | Shoals:4 | ololoev: po idee shoals 4 horosho uje chisheny
 11816 | Shoals:4 | ololoev: sverhu polik
 11816 | Shoals:4 | xeno23: наверх
 11816 | Shoals:4 | xeno23: люк жи есть
 11816 | Shoals:4 | ololoev: ya na nem 5 HW potratil ili 6
 11816 | Shoals:4 | Iwannabefree: по оранжевой
 11816 | Shoals:4 | ololoev: tam eshe ilsuiv
 11816 | Shoals:4 | ololoev: pedik
 11816 | Shoals:4 | ololoev: ne
 11816 | Shoals:4 | ololoev: nado tele delat
 11816 | Shoals:4 | ololoev: pryamo tut
 11816 | Shoals:4 | ololoev: i brat runu
 11816 | Shoals:4 | xeno23: не на шолас 4
 11816 | Shoals:4 | xeno23: ммм
 11817 | Shoals:4 | Iwannabefree: > 3 merfolk javeleeners come into view!
 11817 | Shoals:4 | ololoev: ya uje davno shoals 4 chustil
 11817 | Shoals:4 | ololoev: tak chto norm
 11823 | Shoals:4 | Iwannabefree: rip
 11826 | Shoals:4 | xeno23: ой лол
 11853 | Shoals:4 | Iwannabefree: ??stone of tremors
 11853 | Shoals:4 | beem: stone of tremors[1/2]: The earth {elemental evoker} sends a shockwave through walls, which damages monsters and can (rarely) {shaft} them. Also summons up to 3 {earth elemental}s. Also breaks rock (but not stone) walls.
 11891 | Shoals:4 | Iwannabefree: чот домаха нет
 11909 | Shoals:4 | Iwannabefree: застрелит же
 11911 | Shoals:4 | Shot with a sling bullet by a satyr

Dungeon Overview and Level Annotations

Branches:
Dungeon (12/15)            Temple (1/1) D:5            Lair (8/8) D:10
 Shoals (4/4) Lair:3        Slime (0/6) Lair:7
  Snake: Lair:3-6    Spider: Lair:3-6       Orc: D:9-12

Altars:
Ashenzari
Dithmenos
Elyvilon
Gozag
Makhleb
Okawaru
Pakellas
Qazlal
Trog
Vehumet
Yredelemnul
Zin
The Shining One

Shops:
D:9 !   Shoals:3 *   Shoals:4 :

Annotations:
Shoals:3 Ilsuiw, Polyphemus


Message History

The manticore flicks its tail.
The volley of spikes misses you.
You swing at nothing.
The manticore flicks its tail.
The volley of spikes misses you.
Casting: Fireball
Confirm with . or Enter, or press ? or * to list all spells.
Aiming: Fireball
Press: ? - help, Shift-Dir - straight line, f - manticore
Aim: a manticore (almost dead)
The fireball explodes!
The fireball engulfs the manticore.
You kill the manticore!
Vehumet accepts your kill.
You feel your power returning.
Unknown command.
The faun shoots a sling bullet.
The sling bullet hits you but does no damage.
Read which item? (? for menu, Esc to quit)
Okay, then.
Evoke which item? (* to show all) (? for menu, Esc to quit)
Okay, then.
Read which item? (? for menu, Esc to quit)
Blink to where?
Press: ? - help, Dir - move target cursor
As you read the scroll labeled UPSOXE LOAROVE, it crumbles to dust.
It was a scroll of blinking.
Evoke which item? (* to show all) (? for menu, Esc to quit)
Okay, then.
Read which item? (? for menu, Esc to quit)
As you read the scroll labeled HIR XA QYSU, it crumbles to dust.
The scroll dissolves into smoke.
It was a scroll of fog.
You carefully extract the manticore spikes from your body.
The satyr shoots a sling bullet.
The sling bullet completely misses you.
Evoke which item? (* to show all) (? for menu, Esc to quit)
Okay, then.
Drink which item? (? for menu, Esc to quit)
You feel better.
You see here a sling bullet.
The +8 hunting sling "Iludaw" {venom, rF+ Str+6 Int+2 Stlth+} stops dripping with poison.
You hear the crackle of electricity.
a - the +11 morningstar "Eos" (weapon)
{elec, -Tele rElec SInv} The faun gestures at you while chanting.
You resist with almost no effort.
Drink which item? (? for menu, Esc to quit)
You feel better.
You feel a little less agile now.
The faun points at you and mumbles some strange words.
You resist with almost no effort.
You swing at nothing.
The faun shoots a sling bullet.
The sling bullet hits you!
The satyr shoots a sling bullet.
The sling bullet hits you!!
You see here a sling bullet.
Unknown command.
Drink which item? (? for menu, Esc to quit)
You feel better.
The satyr shoots a sling bullet.
The sling bullet hits you!
You see here a sling bullet.
The satyr shoots a sling bullet.
The sling bullet hits you.
You see here a sling bullet.
Drink which item? (? for menu, Esc to quit)
You feel better.
The satyr plays a lulling melody on his pipes!
You easily resist.
Drink which item? (? for menu, Esc to quit)
You feel better.
The satyr plays a rousing melody on his pipes!
The faun is stirred to greatness!
Casting: Fireball
Confirm with . or Enter, or press ? or * to list all spells.
Aiming: Sticky Flame
Press: ? - help, Shift-Dir - straight line, f - satyr
Aim: a satyr, wielding a greatsling The sticky flame hits the satyr.
The satyr is lightly wounded.
The satyr is covered in liquid flames!
The satyr burns!
The satyr shoots a sling bullet.
The sling bullet hits you!!
Drink which item? (? for menu, Esc to quit)
You feel better.
The satyr burns!
The satyr shoots a sling bullet.
The sling bullet hits you!!
You die...

You could see a satyr (burning) and a faun.

Vanquished Creatures
  Rupert (Lair:4)
  Gastronok (Lair:3)
  Aizul (Shoals:4)
  2 merfolk javelineers
  3 merfolk impalers
  5 hydras
  Harold (Lair:3)
  An anaconda (Lair:8)
  A catoblepas (Shoals:3)
  2 merfolk avatars
  3 death yaks
  A satyr (Shoals:3)
  6 sea snakes
  A hill giant (D:11)
  3 wizards (D:10)
  5 harpies
  9 fauns
  7 manticores
  A cyclops (Shoals:4)
  5 griffons
  5 elephants (Lair:6)
  7 sirens
  9 spiny frogs
  3 torpor snails
  A water nymph (Shoals:4)
  2 rime drakes
  6 komodo dragons
  2 trolls
  21 merfolk
  23 blink frogs
  2 two-headed ogres
  2 slime creatures (D:9)
  7 snapping turtles
  A shadow (D:11)
  A wraith (D:10)
  A basilisk (Lair:5)
  2 water elementals (Shoals:4)
  20 yaks
  9 hippogriffs
  A steam dragon (Lair:7)
  2 mottled dragons (Lair:7)
  Edmund (D:5)
  15 porcupines
  14 water moccasins
  7 orc warriors
  A swamp drake (Lair:7)
  An ice beast (D:5)
  6 ogres
  A black bear (D:8)
  5 sky beasts
  5 boggarts (D:10)
  A centaur (Shoals:2)
  7 wolves
  7 crocodiles
  4 big kobolds
  9 giant frogs
  A wyvern zombie (D:8)
  A water moccasin zombie (D:9)
  19 killer bees
  3 scorpions
  6 wights
  4 electric eels
  3 crimson imps
  A giant frog zombie (D:8)
  7 hounds
  A centaur skeleton (D:5)
  2 orc priests
  A gnoll shaman (D:9)
  A jelly (D:5)
  8 orc wizards
  3 iguanas
  6 hell rats (Lair:4)
  3 worker ants
  12 sheep
  A hound zombie (D:8)
  A hound skeleton (D:8)
  A howler monkey zombie (D:5)
  A worker ant zombie (D:6)
  3 gnolls (D:9)
  41 river rats
  9 adders
  A shadow imp (D:6)
  An ooze (D:5)
  An adder skeleton (D:7)
  A dart slug (D:4)
  3 giant geckos
  27 orcs
  A ball python (D:8)
  6 bats
  A giant cockroach (D:4)
  15 jackals
  4 quokkas
  A giant gecko skeleton (D:6)
  A giant gecko zombie (D:7)
  A giant newt (D:5)
  16 kobolds
  5 rats
  8 fungi
  11 plants
513 creatures vanquished.

Vanquished Creatures (collateral kills)
  3 sheep (Lair:4)
3 creatures vanquished.

Vanquished Creatures (others)
  A giant frog (D:6)
  A fire vortex (D:5)
  18 fungi
  28 plants
48 creatures vanquished.

Grand Total: 564 creatures vanquished

Action                   |  1- 3 |  4- 6 |  7- 9 | 10-12 | 13-15 || total
-------------------------+-------+-------+-------+-------+-------++-------
Melee: War axe           |       |       |    81 |    35 |       ||   116
       Morningstar       |       |       |       |    21 |   142 ||   163
Throw: Throwing net      |       |       |       |       |     1 ||     1
 Cast: Flame Tongue      |    20 |    40 |   128 |    80 |    19 ||   287
       Conjure Flame     |       |     1 |    10 |    11 |     8 ||    30
       Sticky Flame      |       |     1 |    11 |    33 |    35 ||    80
       Inner Flame       |       |       |     8 |    16 |     4 ||    28
       Fireball          |       |       |    11 |   125 |   205 ||   341
       Apportation       |       |       |       |     7 |    24 ||    31
       Iron Shot         |       |       |       |     2 |     6 ||     8
       Passage of Golubr |       |       |       |       |     6 ||     6
Evoke: Wand              |       |       |       |     9 |     1 ||    10
       Stone of tremors  |       |       |       |     1 |     1 ||     2
       Phantom mirror    |       |       |       |       |     1 ||     1
  Use: Scroll            |       |       |       |    16 |    19 ||    35
       Potion            |       |       |       |     1 |    24 ||    25
 Stab: Distracted        |       |       |       |     1 |       ||     1
       Paralysed         |       |       |       |     6 |       ||     6
  Eat: Chunk             |       |       |    12 |    18 |    17 ||    47
       Meat ration       |       |       |       |     1 |       ||     1
       Pizza             |       |       |       |       |     2 ||     2
Armor: Ring mail         |     5 |    14 |    80 |    58 |   142 ||   299
       Robe              |       |     1 |       |       |       ||     1
Dodge: Dodged            |     8 |     9 |    92 |    71 |   172 ||   352

Vault maps used:
D:1:      saegor_arrival_simple_b
D:2:      minitemple, ecumenical_altar_1
D:3:      lemuel_doored_altar
D:4:      first_bread, grunt_qazlal_clouds
D:5:      kennysheep_big_flooded_room, minmay_temple_entry_purple_smoke,
          grunt_dithmenos_smoke
D:6:      cheibriados_altar_wand_db, minmay_mini_ossuary, uniq_edmund
D:7:      nicolae_ru_path_of_blood, okawaru_trees_2
D:8:      tso_altar, grunt_temple_overflow_diamond
D:9:      wad_cavern_with_rooms, kennysheep_mini, makhleb_grotto_becter,
          marbit_many_paths, serial_shops, nicolae_shop_trees
D:10:     minmay_smoke_and_mirrors, grunt_lair_entry_orc_guard_hut
D:11:     hangedman_ranch
D:12:     orc_0_dummy, minivault_23, fungi_pond_lemuel
Temple:   circular_temple_6
Lair:1:   bh_autumn_forest_stairs
Lair:2:   beast_lair_carwin_9, infiniplex_staircase_pool
Lair:3:   minmay_shoals_entry_hut, nicolae_spider_entry_orb_guardian,
          serial_bayou_shore_a, uniq_gastronok, uniq_harold
Lair:4:   grunt_megastairs_4, infiniplex_staircase_pool_2, uniq_rupert
Lair:5:   st_stairs_7, eino_house_with_fridge
Lair:7:   dpeg_slime_entry_corner, guppyfry_lair_drakes
Lair:8:   due_jungle_book, st_stairs_9, nicolae_quartered_pool_little
Shoals:3: serial_shops, shop, nicolae_shoals_water_elemental_grotto,
          uniq_polyphemus, uniq_ilsuiw
Shoals:4: shoals_end_grunt_garden, shoals_ilsuiw_alternative, serial_shops,
          shop, nicolae_shoals_seven_spires,
          nicolae_shoals_siren_and_animal_friends, uniq_aizul
